Cogmind - Beta 14 @@@ ROGUE MODE // 2024.08.30 @ 11:32:40 Player: Bardic Entropy Result: Destroyed by LH-YWF(R) with Subdweller Shrapnel Launcher Performance ------------- Evolutions (0) 0 Regions Visited (3) 600 Robots Destroyed (26) 130 Value Destroyed (730) 730 Prototype IDs (5) 100 Alien Tech Used (0) 0 Bonus (85) 85 TOTAL SCORE: 1645 Bonus ------- Follower Combat Kills 85 Cogmind --------- Core Integrity 0/250 Matter 261/300 Energy 16/100 System Corruption 2% Temperature Cool (0) Movement Core (550) Ox10 Location -10/Subcaves Parts ------- > --- POWER (1) -------- (None) > --- PROPULSION (2) --- Subdweller Monowheel > --- UTILITY (2) ------ Large Storage Unit Experimental Sensor Array > --- WEAPON (2) ------- Subdweller Beam Cannon Battle Rifle > --- INVENTORY (15) --- Light Treads Light Treads Subdweller Monowheel Improved Heat Sink High-capacity Matter Pod (200) Structural Scanner Targeting Computer Small Laser Subdweller Beam Cannon Assault Rifle Heavy Assault Rifle Heavy Assault Rifle Subdweller Machine Gun Grenade Launcher Peak State ------------ > --- POWER ------------ Light Nuclear Core > --- PROPULSION ------- Light Treads Subdweller Monowheel > --- UTILITY ---------- Large Storage Unit Experimental Sensor Array > --- WEAPON ----------- Subdweller Beam Cannon Subdweller Machine Gun > --- INVENTORY -------- Light Treads Light Treads Compact Wheel Improved Heat Sink High-capacity Matter Pod Structural Scanner Seismic Detector Targeting Computer Small Laser Subdweller Beam Cannon Assault Rifle Heavy Assault Rifle Heavy Assault Rifle Battle Rifle Grenade Launcher [Rating: 22] Favorites ----------- Power Light Nuclear Core Engine Light Ion Engine Power Core Light Nuclear Core Propulsion Light Treads Treads Light Treads Wheel Compact Wheel Utility Large Storage Unit Device Experimental Sensor Array Storage Large Storage Unit Weapon Heavy Assault Rifle Energy Gun Small Laser Energy Cannon Subdweller Beam Cannon Ballistic Gun Heavy Assault Rifle Launcher Grenade Launcher Special Weapon Multitool Build | -11 -10 -10 -10 ------- Run | Yrd Mat Min Sub Slots Evolved . | . . . . Power . | . . . . Propulsion . | . . . . Utility . | . . . . Weapon . | . . . . Parts Attached 30 | 9 7 5 9 Power 2 | 1 1 . . Engine 1 | 1 . . . Core 1 | . 1 . . Reactor . | . . . . Propulsion 6 | 3 1 1 1 Treads 2 | 1 . 1 . Leg . | . . . . Wheel 4 | 2 1 . 1 Hover . | . . . . Flight . | . . . . Utility 4 | 2 1 1 . Device 2 | 1 . 1 . Storage 2 | 1 1 . . Processor . | . . . . Hackware . | . . . . Protection . | . . . . Artifact . | . . . . Weapon 18 | 3 4 3 8 Energy Gun 4 | 1 3 . . Energy Cannon 2 | . . . 2 Ballistic Gun 10 | 2 1 2 5 Ballistic Cannon . | . . . . Launcher 1 | . . 1 . Special Weapon 1 | . . . 1 Impact Weapon . | . . . . Slashing Weapon . | . . . . Piercing Weapon . | . . . . Special Melee Weapon . | . . . . Unidentified Prototypes 1 | . . 1 . Parts Lost 4 | . 1 . 3 Power 1 | . . . 1 Propulsion 2 | . 1 . 1 Utility . | . . . . Weapon 1 | . . . 1 Highest Loss Streak 3 | . 1 . 3 To Critical Strikes . | . . . . Average Slot Usage (%) 99 | . 99 100 99 Core 12 | . 10 14 13 Treads 13 | . 14 14 13 Wheel 13 | . 13 14 14 Device 14 | . 14 14 14 Storage 14 | . 14 14 14 Energy Gun 5 | . 14 4 . Energy Cannon 4 | . . . 13 Ballistic Gun 18 | . 14 23 14 Peak Build Rating 22 | 7 10 20 22 Average Rating 16 | 5 8 18 21 On Entrance 8 | . 7 9 19 Naked Turns . | . . . . Heaviest Build 38 | 12 29 32 38 Greatest Support 20 | 20 20 20 20 Greatest Overweight (x) 2 | 1 2 1 2 Average Overweight (x) 1 | . . 1 1 Largest Inventory Capacity 15 | 8 15 15 15 Average Capacity 13 | 7 9 15 15 Most Carried 15 | 3 8 11 15 Average Carried 9 | 2 6 9 13 Final Capacity 15 | 8 15 15 15 Final Carried 14 | 3 7 10 14 Class Distribution -------------------- 67% | Mutant 32% | Scavenger-Mutant Dominant Class ---------------- Mutant | -10/Materials Scavenger-Mutant | -10/Mines Mutant | -10/Subcaves Resources | -11 -10 -10 -10 ----------- Run | Yrd Mat Min Sub Matter Collected 994 | 294 414 131 155 Remotely . | . . . . Salvage Created 946 | 98 537 92 219 Parts 67 | 9 37 2 19 Haulers Intercepted . | . . . . Recyclers Shooed 2 | . 2 . . Parts Field Recycled . | . . . . Retrieved Matter . | . . . . Parts Self-Destructed 10 | . . . 10 Prevented . | . . . . Kills | -11 -10 -10 -10 ------- Run | Yrd Mat Min Sub Combat Hostiles Destroyed 19 | . 10 3 6 Guns 16 | . 10 3 3 Cannons 2 | . . . 2 Classes Destroyed 8 | 2 3 1 2 Tunneler 3 | 2 . 1 . Recycler 3 | 1 2 . . Watcher 1 | . 1 . . Swarmer 3 | . 3 . . Grunt 9 | . 7 2 . Demolisher 1 | . . 1 . Artisan 1 | . . . 1 Subdweller 6 | . . . 6 Best Kill Streak 4 | 2 4 1 2 Combat Bots Only 3 | . 3 1 2 Max Kills in Single Turn 1 | 1 1 1 1 Gunslinging . | . . . . Exploded . | . . . . Melee . | . . . . Uniques/NPCs Destroyed . | . . . . Combat | -11 -10 -10 -10 -------- Run | Yrd Mat Min Sub Hostile Shots Fired 68 | . 29 9 30 Missed 13 | . 5 2 6 Damage Taken 994 | . 320 126 548 Core 258 | . 56 39 163 Absorbed by Shields . | . . . . Core Remaining (%) 100 | 100 . . . Volleys Fired 93 | 12 34 14 33 Largest 2 | 2 2 2 2 Hottest 110 | 60 60 46 110 Shots Fired 169 | 23 68 27 51 Gun 142 | 23 68 25 26 Cannon 24 | . . . 24 Launcher 2 | . . 2 . Special 1 | . . . 1 Kinetic 102 | 17 34 25 26 Thermal 65 | 6 34 . 25 Explosive 2 | . . 2 . Electromagnetic . | . . . . Robot Hit Streak 26 | 4 9 11 26 Robot Miss Streak 4 | 2 4 2 1 Penetration Max . | . . . . Secondary Targets . | . . . . Shots Hit Robots 114 | 14 43 19 38 Core Hits 43 | 4 22 6 11 Critical Kills 1 | . . . 1 Critical Parts Destroyed . | . . . . Critical Strikes 1 | . . . 1 Meltdown 1 | . . . 1 Melee Attacks . | . . . . Impact . | . . . . Slashing . | . . . . Piercing . | . . . . Sneak Attacks . | . . . . Combat Hostiles . | . . . . Follow-up Attacks . | . . . . Damage Inflicted 1806 | 183 532 327 764 Guns 1274 | 183 532 259 300 Cannons 459 | . . . 459 Explosions 68 | . . 68 . Melee . | . . . . Ramming . | . . . . Kinetic 1009 | 160 290 259 300 Thermal 729 | 23 242 . 464 Explosive 68 | . . 68 . Electromagnetic . | . . . . Impact . | . . . . Slashing . | . . . . Piercing . | . . . . Highest Corruption 2 | . 2 2 2 Average Corruption 2 | . 2 2 2 Corruption Purged . | . . . . Corruption Blocked . | . . . . Effects 23 | . . 11 12 Message Errors 3 | . . 1 2 Matter Fused 5 | . . 2 3 Heat Flow Errors 4 | . . 3 1 Energy Discharges 3 | . . 1 2 Parts Fused 1 | . . . 1 Data Loss (major) 2 | . . 1 1 Misfires 2 | . . 1 1 Alerts 2 | . . 2 . Weapon Failures 1 | . . . 1 Overload Shots . | . . . . Overflow Damage . | . . . . Projectiles . | . . . . Explosions . | . . . . Melee . | . . . . Knockbacks . | . . . . Impact . | . . . . Kinetic . | . . . . Secondary . | . . . . Self-Inflicted Damage . | . . . . Shots . | . . . . Rammed . | . . . . Targets Rammed . | . . . . Kicked . | . . . . Crushed . | . . . . Highest Temperature 239 | 20 84 239 119 Average Temperature 35 | 20 23 73 32 Received Heat Transfer 219 | . 120 51 48 Siege Activations . | . . . . Robots Corrupted . | . . . . Combat Hostiles . | . . . . Parts Fried . | . . . . Impact Corruptions . | . . . . Robots Melted 1 | . . . 1 Combat Hostiles 1 | . . . 1 Parts Melted 1 | . . . 1 Heat Transferred 1254 | 50 550 . 654 Parts Sabotaged . | . . . . Parts Stolen . | . . . . Parts Stripped . | . . . . Power Chain Reactions . | . . . . Alert | -11 -10 -10 -10 ------- Run | Yrd Mat Min Sub Peak Influence 290 | 15 290 95 . Initial 66 | . 9 66 . Average 72 | 7 135 41 . Maximum Alert Level 1 | . 1 . . Low Security (%) 91 | 100 74 100 . Level 1 8 | . 25 . . Level 2 . | . . . . Level 3 . | . . . . Level 4 . | . . . . Level 5 . | . . . . High Security . | . . . . Max Security . | . . . . Squads Dispatched 4 | . 3 1 . Investigation 2 | . 2 . . Extermination . | . . . . Reinforcement 1 | . 1 . . Assault 1 | . . 1 . Garrison . | . . . . Intercept . | . . . . Searches Triggered . | . . . . Construction Impeded . | . . . . Haulers Reinforced . | . . . . Active Scanning Responses . | . . . . Cargo Convoy Interrupts . | . . . . Stealth | -11 -10 -10 -10 --------- Run | Yrd Mat Min Sub Distress Signals . | . . . . Communications Jammed . | . . . . Distress Signals . | . . . . Times Spotted 31 | . 15 7 9 Peak Tracking Total 3 | . 3 2 3 Tactical Retreats 2 | . 1 1 . Traps | -11 -10 -10 -10 ------- Run | Yrd Mat Min Sub Traps Triggered 2 | . 2 . . Indirectly . | . . . . Trap Hack Attempts . | . . . . Triggered . | . . . . Disarmed . | . . . . Reprogrammed . | . . . . Reused . | . . . . Traps Extracted . | . . . . Installed . | . . . . Triggered . | . . . . Machines | -11 -10 -10 -10 ---------- Run | Yrd Mat Min Sub Machines Disabled 2 | . . 2 . Max in Single Turn . | . . . . Machines Repaired . | . . . . Machines Dismantled . | . . . . Machines Sabotaged . | . . . . Overloaded Fab Kills . | . . . . Hacking | -11 -10 -10 -10 --------- Run | Yrd Mat Min Sub Machines Accessed 4 | . 4 . . Terminals 3 | . 3 . . Fabricators . | . . . . Repair Stations . | . . . . Recycling Units 1 | . 1 . . Scanalyzers . | . . . . Garrison Access . | . . . . Total Hacks 12 | . 12 . . Successful 5 | . 5 . . Failed 7 | . 7 . . Catastrophic 1 | . 1 . . Database Lockouts . | . . . . Manual 6 | . 6 . . Terminals 11 | . 11 . . Fabricators . | . . . . Repair Stations . | . . . . Recycling Units 1 | . 1 . . Scanalyzers . | . . . . Garrison Access . | . . . . Terminal Hacks 4 | . 4 . . Robot Analysis 2 | . 2 . . Prototype ID Bank 2 | . 2 . . Fabricator Hacks . | . . . . Repair Station Hacks . | . . . . Recycling Unit Hacks 1 | . 1 . . Report Inventory 1 | . 1 . . Scanalyzer . | . . . . Garrison Access Hacks . | . . . . Unauthorized Hacks . | . . . . Terminals . | . . . . Fabricators . | . . . . Repair Stations . | . . . . Recycling Units . | . . . . Scanalyzers . | . . . . Garrison Access . | . . . . Data Cores Recovered . | . . . . Used . | . . . . Hacking Detections 3 | . 3 . . Full Trace Events 3 | . 3 . . Feedback Events . | . . . . Feedback Blocked . | . . . . Robot Schematics Acquired . | . . . . Robots Built . | . . . . Authchips . | . . . . Time . | . . . . Total Robot Build Rating . | . . . . Part Schematics Acquired . | . . . . Parts Built . | . . . . Authchips . | . . . . Time . | . . . . Total Part Build Rating . | . . . . Parts Repaired . | . . . . Time . | . . . . Parts Recycled . | . . . . Recycled Matter . | . . . . Retrieved Matter . | . . . . Retrieved Components . | . . . . Parts Scanalyzed . | . . . . Part Schematics Acquired . | . . . . Parts Damaged . | . . . . Bothacking | -11 -10 -10 -10 ------------ Run | Yrd Mat Min Sub Used RIF Installer . | . . . . Robots Hacked . | . . . . Non-combat . | . . . . Combat . | . . . . Robot Hacks Applied . | . . . . Relay Couplers Released . | . . . . Fabnet Peak Effective % . | . . . . Robots Rewired . | . . . . Allies Hacked . | . . . . Hacks Repelled . | . . . . Allies | -11 -10 -10 -10 -------- Run | Yrd Mat Min Sub Total Allies 4 | . . 4 . Largest Group 3 | . . 3 . Highest-Rated Group 63 | . . 63 . Highest-Rated Ally 31 | . . 31 . Total Orders . | . . . . Ally Attacks 35 | . . 35 . Total Damage 336 | . . 336 . Kills 3 | . . 3 . Allies Corrupted . | . . . . Allies Melted . | . . . . Intel | -11 -10 -10 -10 ------- Run | Yrd Mat Min Sub Robot Analysis Total 2 | . 2 . . Derelict Logs Recovered 2 | . . 1 1 Drone Launches . | . . . . Drone Recoveries . | . . . . Exploration | -11 -10 -10 -10 ------------- Run | Yrd Mat Min Sub Turns Passed 2458 | 111 592 965 790 Spaces Moved 1597 | 63 391 610 533 Core 4 | 4 . . . Treads 116 | 3 4 109 . Legs . | . . . . Wheels 1477 | 56 387 501 533 Hover . | . . . . Flight . | . . . . Fastest Speed 50 | 50 95 115 115 Average Speed 121 | 96 99 137 123 Slowest Speed 240 | 160 160 240 130 Overloaded Moves . | . . . . Propulsion Burnouts . | . . . . Robots Hopped . | . . . . Cave-ins Triggered . | . . . . Exploration Rate (%) 46 | 4 51 95 36 Regions Visited 3 Branch Regions 2 Pre-discovered Areas . | . . . . Known Exits Taken . | . . . . Unknown Exits Taken 3 | 1 1 1 . Scrap Searched 4 | . . 1 3 Spaces Dug . | . . . . Terrain Destroyed 12 | . . 11 1 Melee . | . . . . Projectile 1 | . . . 1 AOE 11 | . . 11 . Terrain Rammed . | . . . . Walls Destroyed . | . . . . Machines Disabled . | . . . . Actions | -11 -10 -10 -10 --------- Run | Yrd Mat Min Sub Total 1931 | 85 524 710 612 Wait 190 | . 87 73 30 Move 1594 | 62 390 609 533 Hop . | . . . . Pick Up 13 | 2 3 5 3 Fast Attach 7 | 7 . . . Attach 2 | . 1 . 1 Detach . | . . . . Swap 21 | 2 6 5 8 Drop 9 | . 3 4 2 Fire 93 | 12 34 14 33 Melee . | . . . . Ram . | . . . . Kick . | . . . . Crush . | . . . . Escape Stasis . | . . . . Rewire 2 | . . . 2 Trap . | . . . . Miscellaneous . | . . . . Route ------- -11/Scrapyard -10/Materials (discovered 2 exits: [*Mat] / [*Min]) -10/Mines (discovered 2 exits: [*Mat] / [*Sub]) -10/Subcaves History --------- Turn | Location | Event 24 | -11/Scrapyard | Discovered new exit (range 16) 112 | -11/Scrapyard | Entered Materials 314 | -10/Materials | Discovered new exit (range 9) 318 | -10/Materials | Build established: Mutant 466 | -10/Materials | Discovered new exit (range 6) 704 | -10/Materials | Entered Mines 778 | -10/Mines | Received a Rocket Launcher from a helpful Derelict 806 | -10/Mines | Found a damaged Exp. Sensor Array with a note attached 808 | -10/Mines | Found Prototype Device 809 | -10/Mines | Identified Exp. Sensor Array 998 | -10/Mines | Joined a pair of Derelicts in attacking an 0b10 outpost 1120 | -10/Mines | Assembled infested the area 1317 | -10/Mines | Build established: Scavenger-Mutant 1532 | -10/Mines | Discovered new exit (range 8) 1539 | -10/Mines | Assisted by bots powering up and referring to "LRC-V3" 1625 | -10/Mines | Met a Derelict testing a Signal Generator 1660 | -10/Mines | Discovered new exit (range 8) 1669 | -10/Mines | Entered Subcaves 1676 | -10/Subcaves | Learned Materials stockpile data 1698 | -10/Subcaves | Disturbed a concealed Subdweller 1953 | -10/Subcaves | Shifting Twisted Machinery released Sub. Monowheel 1957 | -10/Subcaves | Shifting Twisted Machinery released Battle Rifle 1992 | -10/Subcaves | Shifting Twisted Machinery released Sub. Machine Gun 1995 | -10/Subcaves | Shifting Twisted Machinery released Sub. Beam Cannon 2033 | -10/Subcaves | Build established: Mutant 2094 | -10/Subcaves | A swath of the cavern ceiling suddenly collapsed 2199 | -10/Subcaves | Core integrity fell below 50% 2414 | -10/Subcaves | A Subdweller sparked back to life 2414 | -10/Subcaves | A Subdweller sparked back to life 2414 | -10/Subcaves | A Subdweller sparked back to life 2438 | -10/Subcaves | Core integrity fell below 20% 2459 | -10/Subcaves | Destroyed by LH-YWF(R) with Subdweller Shrapnel Launcher Last Messages --------------- 02413_ Y3-ENG(R) is broken beyond repair. 02414_ Y3-ENG(R) creaks and sparks as it begins to move. 02414_ LH-YWF(R) creaks and sparks as it begins to move. 02414_ M8-2NM(R) creaks and sparks as it begins to move. 02416_ Multitool destroyed. 02433_ Sub. Machine Gun shoots sparks and powers down. 02434_ Lgt. Nuclear Core destroyed. 02435_ Lgt. Treads destroyed. 02436_ M8-2NM(R) suffers critical hit (Meltdown). 02436_ Sub. Power Source melted. 02438_ Y3-ENG(R) destroyed. 02442_ Sub. Monowheel shoots sparks and powers down. 02444_ LH-YWF(R) affixes Scrap Shield Fragment to Scrap Shield. 02457_ Subatomizers dissect the Disposable Heat Sink. Map ----- +----------------------------------------------------+ | ???????????????????????????????????????????# | | ???????????????????????????????????? | | ???????????????????????????????????# ## # | | ??????????????????????????????????????## ######## | | ???????????????????????????????????????#?????????? | | ?????????????????????????????????????????????????? | | ?????????????????????????????????????????????????? | | ?????????????????????????????????????????????????? | | ?????????????????????????????????????????????????? | | ?????????????????????????????????????????????????? | | ?????????????????????????????????????????????????? | | ?????????????????????????????????????????????????? | | ???????????????????????? ???????????????????????? | | ????????????????????????# ???????????????????????? | | ????????????????????????# ???????????????????????? | | ???????????????????????? ???????????????????????? | | ????????????????????????# #??????????????????????? | | ????????????????????????# ??????????????????????? | | ??????????????????#???#?# "#"###?????????????????? | | ??????????????????# ## # " #?????????????????? | | ???????????????????# &#?????????????????? | | ?????????????????????? & #?????????????????? | | ?????????????????###????# #?????????????????? | | ?????????????????# ###??### < #?????????????????? | | ??????? ????????# % #?##!%! ##?????????????????? | | ?????? ???????#% ####!@%* ##??????????????????? | | ?????? ??????# ### R&& #???????????????????? | | ???????# #?????# ### ;# #??????????????????? | | ???????# ##???# ## ####??????????????????? | | ???????# #??# # #?????##??????????????? | | ?????### #?## ##????# ##?????????????? | | ???? # ### ##???? #?????????????? | | ??? % ## ##?## #?????????????? | | ??? % ### ##????????????? | | ?????????# #?????#??????? | | ?????????### ## #????## #???? | | ??????????????## #????# ###?? | | ??????????????# #??#?# #""## | | ??????????????# ####### # #"##"" | | ?????????????## ## #???# "##""# | | ?????##???#### ## ### ##???# "" " | | ?????# #### ### #?# ##?## #""#### | | ?????# ### ##?# ### #""### | | ?????# ######?#######??## #"# # | | ?????# ####???????###??????### # " | | ?????# ##?????????## ##??????## # #### | | ?????# ##??????????# ##??????# ###????# | | ?????##????????????# ###????## ##??????### | | ????????????????????# ##????## #?????????## | | ?????????????????##### ###???## ##???#### ## | +----------------------------------------------------+ Best States ------------- Heat Dissipation 25 Energy Generation 14 Energy Capacity 160 Matter Stores 300 Matter Capacity 300 Sight Range 16 Robot Scan Range 20 Terrain Scan Density 10 Evasion (%) 41 Recoil Reduction 1 Item Schematics ----------------- None Robot Schematics ------------------ None Fabricated ------------ Nothing Alien Tech Used ----------------- None Achievements -------------- None Challenges ------------ None Game ------ Seed EnergyVoltaicStorm Manual? 0 Play Time 00:31:26 Cumulative 31.8 hours Start 2024.08.30 @ 11:01:23 End 2024.08.30 @ 11:32:40 Sessions 1 Manual Loads 0 Difficulty Rogue Special Mode None Game No. 30 Rogue 30 Adventurer 0 Explorer 0 Win Type - Total 0 Types 0/0/0/0/0/0/0/0/0 Lore% 10 Gallery% 18 Achievement% 18 Wizard Run 0 Options --------- Layout 2 ASCII 0 Keyboard 0 Movement Mouse Keybinds 0 Fullscreen 1 Font 20/SmallcapsGlow Map View 54x51 Zoom Use 0% Tactical HUD 1 Map Filters NONE Filters NONE Steam 1 RUN: 5d313548-8556-478e-b1a6-a8949f266e45